 Seeded DCSS version 0.29-a0-321-gf1c400731a (webtiles) character file.

Game seed: 16968757970846383692 (custom seed)

4 Hubjo the Skirmisher (level 1, 0/18 HPs)
             Began as a Demonspawn Monk on Apr 4, 2022.
             Slain by a hobgoblin (2 damage)
             ... on level 1 of the Dungeon.
             The game lasted 00:00:13 (146 turns).

Hubjo the Skirmisher (Demonspawn Monk)               Turns: 146, Time: 00:00:14

Health: 0/18       AC:  2    Str: 11    XL:     1   Next: 50%
Magic:  1/1        EV: 12    Int: 11    God:
Gold:   6          SH:  0    Dex: 15    Spells: 0/0 levels left

rFire   . . .      SeeInvis .   a - +0 short sword
rCold   . . .      Faith    .   (no shield)
rNeg    . . .      Spirit   .   b - +0 robe
rPois   .          Reflect  .   (no helmet)
rElec   .          Harm     .   (no cloak)
rCorr   .          Rampage  .   (no gloves)
Will    .....                   (no boots)
Stlth   ++........              (no amulet)
HPRegen 0.06/turn               (no ring)
MPRegen 0.07/turn               (no ring)

@: no status effects
A: no striking features
a: no special abilities


You were on level 1 of the Dungeon.
You visited 1 branch of the dungeon, and saw 1 of its levels.

You collected 6 gold pieces.

Inventory:

Hand Weapons
 a - a +0 short sword (weapon)
Armour
 b - a +0 robe (worn)
Scrolls
 e - a scroll of identify {unknown}
Potions
 c - a potion of ambrosia
 d - a potion of mutation {unknown}


   Skills:
 * Level 3.1 Fighting
 - Level 2.6 Short Blades
 - Level 2.6 Dodging
 * Level 2.0 Stealth
 + Level 0.2 Spellcasting


You couldn't memorise any spells.
You didn't know any spells.
Your spell library was empty.

Dungeon Overview and Level Annotations

Branches:
Dungeon (1/15)

Altars:


Message History

A hobgoblin comes into view.
The ball python closely misses you. x2; The ball python barely misses you. x2
The goblin hits you with a +0 dagger.
* * * LOW HITPOINT WARNING * * *
The hobgoblin closely misses you.
You closely miss the ball python. The ball python bites you.
* * * LOW HITPOINT WARNING * * *
The ball python barely misses you.
You hit the ball python.
You kill the ball python!
The goblin misses you. The hobgoblin barely misses you.
The goblin attacks as you move away! The goblin misses you.
The hobgoblin barely misses you.
You see here a ball python corpse.
You closely miss the hobgoblin. The goblin hits you but does no damage.
The hobgoblin closely misses you.
You closely miss the hobgoblin.
The hobgoblin hits you but does no damage.
The goblin closely misses you. The hobgoblin barely misses you.
You closely miss the hobgoblin. The goblin barely misses you.
The hobgoblin misses you. x2
You hit the hobgoblin.
The hobgoblin is almost dead.
The goblin hits you but does no damage. The hobgoblin closely misses you.
The hobgoblin barely misses you.
You hit the hobgoblin.
You kill the hobgoblin!
The hobgoblin hits you.
* * * LOW HITPOINT WARNING * * *
A goblin comes into view. It is wielding a +0 club.
The goblin hits you but does no damage.
Your Stealth skill increases to level 2!
The hobgoblin barely misses you. The goblin attacks as you move away!
The goblin hits you but does no damage. The hobgoblin misses you.
The goblin attacks as you move away! The goblin hits you but does no damage.
The hobgoblin attacks as you move away! The hobgoblin closely misses you.
Found a hunting sling.
The hobgoblin attacks as you move away! The hobgoblin hits you.
You die...

#########
#######........
.)........##...
######.@.....##
#......g.......
#.####.g#..#.##
#.....g......#
...###..##.#.#
.......†##?#.#
...####.#....####
. #.......... #
..# ###....###


You could see a hobgoblin and 2 goblins.

Vanquished Creatures
  A hobgoblin (D:1)
  A quokka (D:1)
  A ball python (D:1)
  A rat (D:1)
4 creatures vanquished.

Notes
Turn   | Place    | Note
-------+----------+-------------------------------------------
     0 | D:1      | Hubjo the Demonspawn Monk began the quest for the Orb.
     0 | D:1      | Reached XP level 1. HP: 18/18 MP: 1/1
   146 | D:1      | Slain by a hobgoblin

Illustrated notes

Levels and vault maps discovered:
D:1:      lemuel_arrival_rhombus, layout_loops_ring,
          hangedman_decor_clover_reticule

Skill      XL: |  1 |
---------------+----+-----
Stealth        | 2 |  2.0
Fighting       | |  3.1
Short Blades   | |  2.6
Dodging        | |  2.6
Spellcasting   | |  0.2

Action                   || total
-------------------------++-------
Melee: Short sword       ||    16
 Stab: Sleeping          ||     1
Armor: Robe              ||     7
Dodge: Dodged            ||    22

Table legend: (Time is in decaauts)
 A = Elapsed time spent in this place.
 B = Non-inter-level travel time spent in this place.
 C = Inter-level travel time spent in this place.
 D = Time resting spent in this place.
 E = Time spent auto-exploring this place.
 F = Levels seen in this place.
 G = Mean time per level.
                   A        B        C        D        E       F      G
               +--------+--------+--------+--------+--------+-----+--------+
         Total |    145 |    145 |      0 |      0 |    111 |   1 |  145.0 |
       Dungeon |    145 |    145 |      0 |      0 |    111 |   1 |  145.0 |
               +--------+--------+--------+--------+--------+-----+--------+

Top non-repeatable levels by time:
     D:1: 145 daAuts
